 Dungeon Crawl Stone Soup version 0.30-a0-141-g30f27751c5 (webtiles) character file.

Game seed: 6675054839511966597

93 qw the Chopper (level 4, -6/28 HPs)
             Began as a Gargoyle Fighter on Sept 25, 2022.
             Mangled by a gnoll
             ... wielding a +0 spear
              (8 damage)
             ... on level 3 of the Dungeon.
             The game lasted 00:00:58 (1781 turns).

qw the Chopper (Gargoyle Fighter)                   Turns: 1781, Time: 00:00:58

Health: -6/28      AC: 11    Str: 22    XL:     4   Next: 62%
Magic:  4/4        EV:  9    Int:  8    God:
Gold:   87         SH:  4    Dex:  9    Spells: 3/3 levels left

rFire   . . .      SeeInvis .    Y - +0 war axe (vorpal)
rCold   . . .      Faith    .    c - +0 buckler
rNeg    + + .      Spirit   .    b - +0 scale mail
rPois   inf        Reflect  .    (no helmet)
rElec   +          Harm     .    (no cloak)
rCorr   .          Rampage  .    h - +0 pair of gloves
Will    .....                    (no boots)
Stlth   ..........               (no amulet)
HPRegen 0.09/turn                i - ring of positive energy
MPRegen 0.09/turn                (no ring)

@: no status effects
A: sickness immunity, AC +3, negative energy resistance 1, electricity
resistance, torment resistance 1, petrification resistance
a: no special abilities


You were on level 3 of the Dungeon.
You visited 1 branch of the dungeon, and saw 3 of its levels.

You collected 87 gold pieces.


Innate Abilities, Weirdness & Mutations

You are immune to sickness and miasma.
Your stone body is resilient. (AC +3)
You are immune to poison.
You resist negative energy. (rN+)
You are resistant to electric shocks. (rElec)
You are resistant to unholy torment.
You are immune to petrification.


   Skills:
 - Level 3.2 Fighting
 + Level 4.2 Axes
 - Level 3.2 Armour
 - Level 3.2 Shields


You had 3 spell levels left.
You didn't know any spells.
Your spell library was empty.

Inventory:

Hand Weapons
 f - a +0 whip
 Y - a +0 vorpal war axe (weapon)
Armour
 b - a +0 scale mail (worn)
 c - a +0 buckler (worn)
 h - a +0 pair of gloves (worn)
Jewellery
 i - a ring of positive energy (left hand)
Scrolls
 g - a scroll of identify
Potions
 d - a potion of might
 k - a potion of curing
 m - a potion of heal wounds
 n - a potion of mutation

Dungeon Overview and Level Annotations

Branches:
Dungeon (3/15)

Altars:

Shops:
D:1 =


Message History

You see here a +0 club.
There is an open door here.
Your frilled lizard dissolves into shadows!
There is a stone staircase leading down here.
You climb downwards.
There is a stone staircase leading up here.
A dart slug is nearby!
Existing waypoints: (1) D:2 (2) D:1 Assign waypoint to what number? (0-9, D - delete waypoint) Waypoint 2 re-assigned from D:1 to D:3.
1772 ||| Stepping ~*~*~tactically~*~*~ (hiding).
A gnoll comes into view. It is wielding a +0 spear.
Found a stone staircase leading up.
The gnoll shouts!
A gnoll comes into view.
It is wielding a +0 halberd. 2 gnolls come into view.
Found 9 stones.
The gnoll shouts! x2
The dart slug launches a dart at you. The slug dart misses you.
You slash the dart slug!
You kill the dart slug!
The gnoll hits you but does no damage. x2
You hit the gnoll but do no damage.
The gnoll hits you from afar with a +0 halberd!
The gnoll hits you but does no damage. You block the gnoll's attack.
You barely miss the gnoll. The gnoll hits you but does no damage.
The gnoll misses you. You block the gnoll's attack.
You barely miss the gnoll.
The gnoll hits you from afar with a +0 halberd!
You block the gnoll's attack. The gnoll barely misses you.
The gnoll hits you from afar with a +0 spear.
The gnoll misses you.
You barely miss the gnoll.
The gnoll hits you from afar with a +0 halberd!
The gnoll hits you but does no damage.
The gnoll hits you from afar with a +0 spear!
You die...

.... #...#
#...# ....#
##...#
#....#
#<...####.#
#........#
#g@..####
#.##.......
.gg#
.###.#.
....g# ..
...(....
###
........
......<.
.........


You could see 4 gnolls.

Vanquished Creatures
  2 adders (D:2)
  A worm (D:2)
  5 dart slugs
  2 ball pythons
  7 endoplasms
  A giant cockroach (D:1)
  7 goblins
  3 hobgoblins
  7 jackals (D:1)
  4 kobolds
  3 quokkas (D:1)
  6 bats
  A frilled lizard (D:1)
  8 rats
57 creatures vanquished.

Notes
Turn   | Place    | Note
-------+----------+-------------------------------------------
     0 | D:1      | qw the Gargoyle Fighter began the quest for the Orb.
     0 | D:1      | Reached XP level 1. HP: 14/14 MP: 1/1
     0 | D:1      | 0 ||| qw: Version: 0.2-a-10-g399e6c4
     0 | D:1      | 0 ||| qw: Game counter: 178
     0 | D:1      | 0 ||| qw: Always use a shield: true
     0 | D:1      | 0 ||| qw: God list: Okawaru
     0 | D:1      | 0 ||| qw: Allow faded altars: false
     0 | D:1      | 0 ||| qw: Do Orc after D:15 true
     0 | D:1      | 0 ||| qw: Do second Lair branch before Depths: true
     0 | D:1      | 0 ||| qw: Lair rune preference: random
     0 | D:1      | 0 ||| qw: Plans: Normal, Zot:1-4, God:TSO, Crypt, Tomb,
                  | Pan, Slime:5, Hells, Abyss, Orb
     0 | D:1      | 0 ||| PLANNING D:1-11
    40 | D:1      | 40 ||| Stepping ~*~*~tactically~*~*~ (hiding).
    41 | D:1      | 41 ||| Stepping ~*~*~tactically~*~*~ (hiding).
    44 | D:1      | 44 ||| Stepping ~*~*~tactically~*~*~ (stealth).
    51 | D:1      | 51 ||| Stepping ~*~*~tactically~*~*~ (hiding).
    56 | D:1      | Reached skill level 2 in Axes
    63 | D:1      | Reached XP level 2. HP: 16/19 MP: 2/2
    67 | D:1      | 67 ||| Stepping ~*~*~tactically~*~*~ (stealth).
    68 | D:1      | 68 ||| Stepping ~*~*~tactically~*~*~ (stealth).
    82 | D:1      | 82 ||| Stepping ~*~*~tactically~*~*~ (stealth).
   146 | D:1      | 146 ||| Stepping ~*~*~tactically~*~*~ (stealth).
   147 | D:1      | 147 ||| Stepping ~*~*~tactically~*~*~ (stealth).
   192 | D:1      | 192 ||| Stepping ~*~*~tactically~*~*~ (stealth).
   199 | D:1      | 199 ||| Stepping ~*~*~tactically~*~*~ (stealth).
   202 | D:1      | 202 ||| Stepping ~*~*~tactically~*~*~ (hiding).
   332 | D:1      | Reached skill level 3 in Axes
   333 | D:1      | 333 ||| Stepping ~*~*~tactically~*~*~ (hiding).
   335 | D:1      | 335 ||| Stepping ~*~*~tactically~*~*~ (hiding).
   343 | D:1      | Reached XP level 3. HP: 23/23 MP: 3/3
   863 | D:1      | Found Gunugin's Jewellery Emporium.
   872 | D:1      | 872 ||| SHOPLISTING +4 ring of slaying (858 gold, have 31).
   872 | D:1      | 872 ||| SHOPLISTING +6 ring of dexterity (396 gold, have
                  | 31).
   872 | D:1      | 872 ||| SHOPLISTING +6 ring of strength (396 gold, have
                  | 31).
   872 | D:1      | 872 ||| SHOPLISTING amulet of reflection (330 gold, have
                  | 31).
   872 | D:1      | 872 ||| SHOPLISTING amulet of regeneration (330 gold, have
                  | 31).
   872 | D:1      | 872 ||| SHOPLISTING ring of positive energy (220 gold, have
                  | 31).
   872 | D:1      | 872 ||| SHOPLISTING ring of willpower (275 gold, have 31).
   976 | D:1      | 976 ||| READING scroll labelled RONIH SOYSM.
   977 | D:1      | 977 ||| READING 2 scrolls labelled NON ROOBUWYDO.
   992 | D:2      | 992 ||| STAIRDANCE
  1013 | D:2      | 1013 ||| STAIRDANCE
  1174 | D:2      | Reached XP level 4. HP: 28/28 MP: 4/4
  1286 | D:2      | 1286 ||| Stepping ~*~*~tactically~*~*~ (stealth).
  1289 | D:2      | 1289 ||| Stepping ~*~*~tactically~*~*~ (stealth).
  1294 | D:2      | Reached skill level 4 in Axes
  1315 | D:2      | 1315 ||| Stepping ~*~*~tactically~*~*~ (stealth).
  1333 | D:2      | 1333 ||| Stepping ~*~*~tactically~*~*~ (stealth).
  1337 | D:2      | 1337 ||| Stepping ~*~*~tactically~*~*~ (stealth).
  1538 | D:2      | 1538 ||| Stepping ~*~*~tactically~*~*~ (stealth).
  1632 | D:2      | 1632 ||| Stepping ~*~*~tactically~*~*~ (stealth).
  1736 | D:2      | 1736 ||| UPGRADING to +0 pair of gloves.
  1741 | D:2      | 1741 ||| UPGRADING to ring of positive energy.
  1742 | D:2      | 1742 ||| READING scroll labelled EBRITA TEGHEAJ.
  1743 | D:2      | 1743 ||| READING 2 scrolls labelled SEMMIU XALEAL.
  1744 | D:2      | 1744 ||| READING scroll labelled CIFOAF XEDI.
  1745 | D:2      | 1745 ||| READING scroll labelled USHOTT RYNI.
  1746 | D:2      | 1746 ||| DRINKING 2 glowing purple potions.
  1747 | D:2      | 1747 ||| READING 4 scrolls of identify.
  1747 | D:2      | 1747 ||| IDENTIFYING cyan potion
  1748 | D:2      | 1748 ||| READING 3 scrolls of identify.
  1748 | D:2      | 1748 ||| IDENTIFYING brown potion
  1749 | D:2      | 1749 ||| READING 2 scrolls of identify.
  1749 | D:2      | 1749 ||| IDENTIFYING glowing golden potion
  1750 | D:2      | 1750 ||| DROPPING scroll of fear.
  1751 | D:2      | 1751 ||| DROPPING potion of berserk rage.
  1772 | D:3      | 1772 ||| Stepping ~*~*~tactically~*~*~ (hiding).
  1781 | D:3      | HP: 2/28 [gnoll/+0 halberd (8)]
  1781 | D:3      | Mangled by a gnoll

Levels and vault maps discovered:
D:1:      lemuel_arrival_room, layout_loops_ring, serial_shops, shop
D:2:      layout_rooms, kennysheep_path_1
D:3:      layout_loops_ring, serial_aquarium, aquarium_bridge_square
          [aquarium_subvault_wall, aquarium_subvault_window,
          aquarium_subvault_bridge, aquarium_subvault_bridge],
          aquarium_bridge_island_small [aquarium_subvault_small_water,
          aquarium_subvault_balcony, aquarium_subvault_bridge,
          aquarium_subvault_wall, aquarium_subvault_bridge], aquarium_window_1,
          aquarium_window_corner, aquarium_window_2, aquarium_view_2d,
          aquarium_view_2g

Skill      XL: |  1  2  3  4 |
---------------+-------------+-----
Axes           | 2 3 4 |  4.2
Fighting       | |  3.2
Armour         | |  3.2
Shields        | |  3.2

Action                   |  1- 3 |  4- 6 || total
-------------------------+-------+-------++-------
Melee: War axe           |   129 |    72 ||   201
  Use: Scroll            |     2 |     7 ||     9
       Potion            |       |     1 ||     1
 Stab: Distracted        |     1 |       ||     1
Armor: Scale mail        |    73 |    45 ||   118
Dodge: Dodged            |    76 |    34 ||   110
Block: Buckler           |    26 |    15 ||    41

Table legend:
 A = Non-vault XP
 B = Vault XP
 C = Vault XP percentage of total XP
 D = Non-vault monster count
 E = Vault monster count
 F = Vault count percentage of total count
                 A         B        C        D         E       F
            +---------+---------+-------+---------+---------+-------
      Total |     134 |       0 |   0.0 |      57 |       0 |   0.0
            +---------+---------+-------+---------+---------+-------
        D:1 |      77 |       0 |   0.0 |      38 |       0 |   0.0
        D:2 |      53 |       0 |   0.0 |      18 |       0 |   0.0
        D:3 |       4 |       0 |   0.0 |       1 |       0 |   0.0
            +---------+---------+-------+---------+---------+-------
